[Event "WYCC U14 Girls 2019"]
[Site "Mumbai"]
[Date "2019.10.04"]
[Round "4.6"]
[White "Wikar, Martyna"]
[Black "Ghomi, Parnian"]
[Result "1/2-1/2"]
[ECO "C12"]
[WhiteElo "1969"]
[BlackElo "1948"]
[Annotator "NA"]
[PlyCount "126"]
[EventDate "2019.10.02"]
[EventType "swiss"]
[EventCountry "IND"]
[SourceTitle "playchess.com"]
[Source "ChessBase"]
[SourceQuality "1"]
[TimeControl "40/5400+30:1800+30"]

1. e4 e6 2. d4 d5 3. Nc3 Nf6 4. Bg5 Bb4 5. exd5 Qxd5 6. Bxf6 gxf6 7. Nge2 Qg5 8. h4 Qg4 9. Qd3 Nc6 10. O-O-O Bd7 11. Ne4 Be7 12. f3 Qg7 13. Kb1 O-O-O 14. g4 Nb4 15. Qa3 a6 16. c3 Nd5 17. Qb3 Nb6 18. Qc2 Nc4 19. Qc1 f5 20. gxf5 exf5 21. Nc5 Bc6 22. Nf4 Nb6 23. Be2 Qh6 24. Ncd3 Bf6 25. Nb4 Bb5 26. Bxb5 axb5 27. Nbd3 Rhe8 28. b3 b4 29. Nxb4 Qf8 30. Nbd3 Bg7 31. Qc2 Kb8 32. Rde1 Qd6 33. Nh5 Bh8 34. Rxe8 Rxe8 35. Qd2 Qc6 36. Re1 Rxe1+ 37. Nxe1 Nd5 38. Kb2 Qg6 39. Qg5 Qc6 40. Qc1 Qe6 41. Nc2 Qc6 42. Ne1 Qe6 43. Nc2 Qc6 44. Qd2 b6 45. Ng3 f4 46. Ne2 Qh6 47. Qd3 Qxh4 48. Qf5 Ne3 49. Qxf4 Nd1+ 50. Kc1 Qxf4+ 51. Nxf4 Nxc3 52. a4 Bg7 53. Kd2 Bh6 54. Kxc3 Bxf4 55. Kd3 Bh6 56. Kc3 Bf4 57. Kd3 f5 58. d5 h5 59. Nd4 h4 60. Ke2 h3 61. Kf1 Kc8 62. Nxf5 Kd7 63. b4 c6 1/2-1/2

[Event "WYCC U14 Girls 2019"]
[Site "Mumbai"]
[Date "2019.10.04"]
[Round "4.7"]
[White "Velpula Sarayu"]
[Black "Allahverdiyeva, Ayan"]
[Result "1-0"]
[ECO "D00"]
[WhiteElo "1717"]
[BlackElo "2160"]
[Annotator "NA"]
[PlyCount "129"]
[EventDate "2019.10.02"]
[EventType "swiss"]
[EventCountry "IND"]
[SourceTitle "playchess.com"]
[Source "ChessBase"]
[SourceQuality "1"]
[TimeControl "40/5400+30:1800+30"]

1. d4 d5 2. Bf4 c5 3. e3 Nc6 4. Nf3 Nf6 5. Nbd2 cxd4 6. exd4 Qb6 7. Nb3 Bg4 8. h3 Bh5 9. Be2 e6 10. O-O Be7 11. Ne5 Bxe2 12. Qxe2 O-O 13. c3 Rad8 14. Rad1 Ne4 15. Bh2 a5 16. Nc1 a4 17. f3 Nf6 18. a3 Na5 19. Kh1 Ne8 20. f4 Nd6 21. Ncd3 Rfe8 22. g4 Bf8 23. Qg2 Ne4 24. Rde1 Qb5 25. Rd1 Bd6 26. g5 Be7 27. Qe2 Nd6 28. Rfe1 Rf8 29. h4 Nf5 30. h5 Nc4 31. g6 Bh4 32. Nxf7 Rde8 33. Rg1 h6 34. Nfe5 Ncd6 35. Nf3 Ne4 36. Rg2 Nfg3+ 37. Bxg3 Nxg3+ 38. Rxg3 Bxg3 39. Qe3 e5 40. Nfxe5 Bh4 41. Qh3 Bd8 42. Nd7 Qb3 43. Rf1 Qc2 44. Nxf8 Kxf8 45. Qd7 Be7 46. Qxd5 Qb3 47. Qxb3 axb3 48. Re1 Rc8 49. Nb4 Bd6 50. Kg2 Ra8 51. Kf3 Ra5 52. Kg4 Be7 53. Re5 Ra8 54. Rb5 Ra7 55. Nd5 Bd6 56. Rxb3 Ke8 57. c4 Kd7 58. f5 Bf8 59. c5 Kc6 60. Nf4 Be7 61. Rb6+ Kd7 62. Nd5 Ra4 63. Rxb7+ Kc8 64. Rxe7 Rxd4+ 65. Nf4 1-0

[Event "WYCC U14 Girls 2019"]
[Site "Mumbai"]
[Date "2019.10.04"]
[Round "4.8"]
[White "Omonova, Umida"]
[Black "Alekseenko, Mariya"]
[Result "1-0"]
[ECO "B47"]
[WhiteElo "2078"]
[BlackElo "1767"]
[Annotator "NA"]
[PlyCount "116"]
[EventDate "2019.10.02"]
[EventType "swiss"]
[EventCountry "IND"]
[SourceTitle "playchess.com"]
[Source "ChessBase"]
[SourceQuality "1"]
[TimeControl "40/5400+30:1800+30"]

1. e4 c5 2. Nf3 e6 3. d4 cxd4 4. Nxd4 Nc6 5. Nc3 Qc7 6. Be2 a6 7. a4 Nf6 8. O-O b6 9. Be3 Bb7 10. f3 Bc5 11. Kh1 O-O 12. Qd2 Bxd4 13. Bxd4 Nxd4 14. Qxd4 d6 15. Rad1 Rfd8 16. Rfe1 h6 17. Rd2 Rd7 18. Red1 Rad8 19. Na2 e5 20. Qc3 Qb8 21. Qb3 Bxe4 22. Bxa6 Ba8 23. Bb5 Re7 24. Nb4 d5 25. Bc6 d4 26. c3 Rd6 27. Bxa8 Qxa8 28. cxd4 exd4 29. Nc2 Qe8 30. Qb4 Rc6 31. Rxd4 Rxc2 32. Rd8 Qxd8 33. Rxd8+ Kh7 34. Rd1 Ree2 35. Rg1 Rxb2 36. Qf4 Kg8 37. h4 h5 38. Qd4 Red2 39. Qc4 Rdc2 40. Qf4 Re2 41. Qg5 Rbd2 42. Rc1 Rd5 43. Qf4 Rde5 44. Rc8+ Re8 45. Rc6 R2e6 46. Rc2 Nd5 47. Qd4 Ne3 48. Rc1 Nf5 49. Qf4 g6 50. Qb4 Rd8 51. Kg1 Rde8 52. Rc7 R8e7 53. Rc8+ Kg7 54. Qb2+ f6 55. Qb4 Ne3 56. Qd2 Kf7 57. Qd8 Re8 58. Qc7+ Kf8 1-0

[Event "WYCC U14 Girls 2019"]
[Site "Mumbai"]
[Date "2019.10.04"]
[Round "4.9"]
[White "Kamalidenova, Meruert"]
[Black "Chinnam Vyshnavi"]
[Result "1-0"]
[ECO "B19"]
[WhiteElo "2025"]
[BlackElo "1745"]
[Annotator "NA"]
[PlyCount "79"]
[EventDate "2019.10.02"]
[EventType "swiss"]
[EventCountry "IND"]
[SourceTitle "playchess.com"]
[Source "ChessBase"]
[SourceQuality "1"]
[TimeControl "40/5400+30:1800+30"]

1. e4 c6 2. d4 d5 3. Nd2 dxe4 4. Nxe4 Bf5 5. Ng3 Bg6 6. h4 h6 7. Nf3 Nd7 8. h5 Bh7 9. Bd3 Bxd3 10. Qxd3 Ngf6 11. Bd2 e6 12. O-O-O Be7 13. Kb1 Qc7 14. Ne4 Nxe4 15. Qxe4 Nf6 16. Qe2 O-O-O 17. c4 Rhe8 18. g3 c5 19. Bc3 b6 20. Ne5 cxd4 21. Bxd4 Qb7 22. f3 Bd6 23. g4 Re7 24. Rhe1 Ne8 25. f4 Nc7 26. Bc3 Na6 27. Nxf7 Rxf7 28. Qxe6+ Rdd7 29. Rxd6 Nc5 30. Qe8+ Kc7 31. Rxd7+ Rxd7 32. Be5+ Kc6 33. Qg6+ Ne6 34. Qxe6+ Kc5 35. Bc3 Rd6 36. Bb4+ Kxb4 37. Qxd6+ Kxc4 38. b3+ Kb5 39. Re5+ Qd5 40. Rxd5+ 1-0

[Event "WYCC U14 Girls 2019"]
[Site "Mumbai"]
[Date "2019.10.04"]
[Round "4.10"]
[White "Obada, Ema"]
[Black "Dakic, Marta"]
[Result "1-0"]
[ECO "C41"]
[WhiteElo "1987"]
[BlackElo "1713"]
[Annotator "NA"]
[PlyCount "57"]
[EventDate "2019.10.02"]
[EventType "swiss"]
[EventCountry "IND"]
[SourceTitle "playchess.com"]
[Source "ChessBase"]
[SourceQuality "1"]
[TimeControl "40/5400+30:1800+30"]

1. e4 d6 2. d4 Nf6 3. Nc3 e5 4. Nf3 Nbd7 5. Rg1 Be7 6. g4 exd4 7. Nxd4 Nc5 8. f3 h6 9. Be3 c6 10. Qd2 Qc7 11. O-O-O Bd7 12. Nf5 Bxf5 13. gxf5 Bf8 14. Bxc5 dxc5 15. Bc4 Rd8 16. Qxd8+ Qxd8 17. Bxf7+ Ke7 18. Rxd8 Kxd8 19. Be6 Kc7 20. e5 Nd7 21. Bxd7 Kxd7 22. Ne4 c4 23. Kd2 b5 24. Ke3 c3 25. Rd1+ Kc7 26. Nxc3 Bc5+ 27. Kf4 Rf8 28. Ne4 Be7 29. e6 1-0

[Event "WYCC U14 Girls 2019"]
[Site "Mumbai"]
[Date "2019.10.04"]
[Round "4.11"]
[White "Pavalachandran, Ashvini"]
[Black "Ishvi Aggarwal"]
[Result "1-0"]
[ECO "D56"]
[WhiteElo "1678"]
[BlackElo "1935"]
[Annotator "NA"]
[PlyCount "89"]
[EventDate "2019.10.02"]
[EventType "swiss"]
[EventCountry "IND"]
[SourceTitle "playchess.com"]
[Source "ChessBase"]
[SourceQuality "1"]
[TimeControl "40/5400+30:1800+30"]

1. d4 d5 2. c4 e6 3. Nc3 Nf6 4. Bg5 Be7 5. e3 h6 6. Bh4 O-O 7. Nf3 Nbd7 8. Rc1 c5 9. Bd3 b6 10. cxd5 Nxd5 11. Bxe7 Qxe7 12. Be4 N7f6 13. Bxd5 Nxd5 14. Nxd5 exd5 15. dxc5 Rd8 16. Nd4 Re8 17. c6 Qg5 18. O-O Bg4 19. Qd2 h5 20. Rfe1 h4 21. f4 Qg6 22. Nb5 Rec8 23. Qd1 Re8 24. Qd2 Rec8 25. Nd4 h3 26. g3 Qe4 27. Qc2 Bf3 28. Qxe4 Bxe4 29. Rc3 Kf8 30. g4 Ke7 31. Kf2 Rh8 32. Rec1 f6 33. c7 Kd7 34. Nb5 g5 35. Nd6 Kxd6 36. c8=Q Raxc8 37. Rxc8 Rh4 38. Rg1 gxf4 39. exf4 f5 40. Rg8 d4 41. Kg3 Rh7 42. Rd8+ {Rh4 Rg8 Rh7 Rd8+} Rd7 43. Rxd7+ Kxd7 44. Rd1 d3 45. g5 1-0

[Event "WYCC U14 Girls 2019"]
[Site "Mumbai"]
[Date "2019.10.04"]
[Round "4.12"]
[White "Yash Jyoti Bir"]
[Black "Lhotska, Anna"]
[Result "0-1"]
[ECO "B90"]
[WhiteElo "1640"]
[BlackElo "1897"]
[Annotator "NA"]
[PlyCount "62"]
[EventDate "2019.10.02"]
[EventType "swiss"]
[EventCountry "IND"]
[SourceTitle "playchess.com"]
[Source "ChessBase"]
[SourceQuality "1"]
[TimeControl "40/5400+30:1800+30"]

1. e4 c5 2. Nf3 d6 3. d4 cxd4 4. Nxd4 Nf6 5. Nc3 a6 6. Be3 e5 7. Nf3 Be7 8. Bc4 O-O 9. O-O Be6 10. Bxe6 fxe6 11. Na4 Ng4 12. Qd3 Nxe3 13. Qxe3 b5 14. Nb6 Ra7 15. Nd5 Rb7 16. Qd2 Kh8 17. Nxe7 Qxe7 18. Rad1 Rb6 19. Qe3 Rc6 20. Rd2 Nd7 21. Qg5 Qxg5 22. Nxg5 h6 23. Nf3 Nf6 24. Re1 Rfc8 25. c3 Rb6 26. a3 a5 27. h3 b4 28. cxb4 axb4 29. Rd3 Rc2 30. Rd2 Rc8 31. Rd3 Rc2 0-1

[Event "WYCC U14 Girls 2019"]
[Site "Mumbai"]
[Date "2019.10.05"]
[Round "5.1"]
[White "Poliakova, Varvara"]
[Black "Rakshitta Ravi"]
[Result "0-1"]
[ECO "C88"]
[WhiteElo "2042"]
[BlackElo "2310"]
[Annotator "ChessBase"]
[PlyCount "62"]
[EventDate "2019.10.02"]
[EventType "swiss"]
[EventCountry "IND"]
[SourceTitle "playchess.com"]
[Source "ChessBase"]
[SourceQuality "1"]
[TimeControl "40/5400+30:1800+30"]

1. e4 e5 2. Nf3 Nc6 3. Bb5 a6 4. Ba4 Nf6 5. O-O b5 6. Bb3 Bb7 7. Re1 Be7 8. c3 O-O 9. d3 d5 10. Nbd2 Re8 11. exd5 Nxd5 12. Ne4 h6 13. a3 Qd7 14. Qc2 Rad8 15. Be3 Nxe3 16. Rxe3 Bf8 17. Rae1 Kh8 18. Ng3 Bd6 19. Ba2 f5 20. R3e2 g6 21. h4 Qg7 22. Nd2 Ne7 23. a4 Nd5 24. Bxd5 Bxd5 25. c4 bxc4 26. dxc4 Bf7 27. c5 Bf8 28. h5 e4 29. hxg6 Bxg6 30. Nb3 f4 31. Nxe4 f3 0-1

[Event "WYCC U14 Girls 2019"]
[Site "Mumbai"]
[Date "2019.10.05"]
[Round "5.2"]
[White "Nasyrova, Ekaterina"]
[Black "Dhyana Patel"]
[Result "*"]
[ECO "A04"]
[WhiteElo "2137"]
[BlackElo "1995"]
[Annotator "ChessBase"]
[PlyCount "79"]
[EventDate "2019.10.02"]
[EventType "swiss"]
[EventCountry "IND"]
[SourceTitle "playchess.com"]
[Source "ChessBase"]
[SourceQuality "1"]
[TimeControl "40/5400+30:1800+30"]

1. Nf3 c5 2. c4 Nc6 3. Nc3 g6 4. d4 cxd4 5. Nxd4 Bg7 6. Nb3 Nf6 7. e4 d6 8. Be2 O-O 9. Be3 a5 10. O-O Bd7 11. Rc1 a4 12. Nd4 Nxd4 13. Bxd4 Bc6 14. Nd5 Bxd5 15. exd5 Qa5 16. h4 Rfc8 17. h5 Qd8 18. Rc3 Qf8 19. Ra3 gxh5 20. Rg3 Kh8 21. Bd3 Ng4 22. Bxg7+ Qxg7 23. Qf3 Rg8 24. Qe4 Raf8 25. Qxe7 f5 26. Qxg7+ Rxg7 27. Rh3 Ne5 28. f4 Nxd3 29. Rxd3 Rg4 30. Re3 Rc8 31. b3 axb3 32. axb3 b5 33. cxb5 Rb8 34. Re6 Rxb5 35. Rxd6 Rxb3 36. Rd8+ Kg7 37. Rc1 Rxf4 38. d6 Rd4 39. Rc7+ Kh6 40. Re7 *

[Event "WYCC U14 Girls 2019"]
[Site "Mumbai"]
[Date "2019.10.05"]
[Round "5.3"]
[White "Roebers, Eline"]
[Black "Kurmangaliyeva, Liya"]
[Result "*"]
[ECO "B33"]
[WhiteElo "2083"]
[BlackElo "1936"]
[Annotator "NA"]
[PlyCount "39"]
[EventDate "2019.10.02"]
[EventType "swiss"]
[EventCountry "IND"]
[SourceTitle "playchess.com"]
[Source "ChessBase"]
[SourceQuality "1"]
[TimeControl "40/5400+30:1800+30"]

1. e4 c5 2. Nf3 Nc6 3. d4 cxd4 4. Nxd4 Nf6 5. Nc3 e5 6. Ndb5 d6 7. Bg5 a6 8. Na3 b5 9. Bxf6 gxf6 10. Nd5 Bg7 11. c4 f5 12. cxb5 Nd4 13. b6 O-O 14. Bd3 Bb7 15. O-O Kh8 (15... Bxd5 $15 16. exd5 Qxb6) 16. Nc2 $11 fxe4 17. Bc4 Rc8 18. Na3 Bxd5 19. Re1 Qg5 20. Re3 *

[Event "WYCC U14 Girls 2019"]
[Site "Mumbai"]
[Date "2019.10.05"]
[Round "5.3"]
[White "Roebers, Eline"]
[Black "Kurmangaliyeva, Liya"]
[Result "1-0"]
[ECO "B33"]
[WhiteElo "2083"]
[BlackElo "1936"]
[Annotator "NA RC"]
[PlyCount "131"]
[EventDate "2019.10.02"]
[EventType "swiss"]
[EventCountry "IND"]
[SourceTitle "playchess.com"]
[Source "ChessBase"]
[SourceQuality "1"]
[TimeControl "40/5400+30:1800+30"]

1. e4 c5 2. Nf3 Nc6 3. d4 cxd4 4. Nxd4 Nf6 5. Nc3 e5 6. Ndb5 d6 7. Bg5 a6 8. Na3 b5 9. Bxf6 gxf6 10. Nd5 Bg7 11. c4 f5 12. cxb5 Nd4 13. b6 O-O 14. Bd3 Bb7 15. O-O Kh8 (15... Bxd5 $15 16. exd5 Qxb6) 16. Nc7 $11 (16. Nc2 $1 ) 16... fxe4 17. Bc4 Rc8 18. Bd5 Bxd5 19. Nxd5 f5 20. Re1 Qg5 21. Re3 f4 22. Rxe4 f3 23. g3 Rc5 24. Ne3 d5 25. Rg4 Qf6 26. b4 Rc6 27. Kh1 Qe6 28. Rc1 Rxc1 29. Qxc1 Qxb6 30. Nxd5 Qe6 31. Qg5 Qb6 32. Qc1 Qe6 33. Qg5 Bh6 34. Qh5 Rc8 35. h3 Nf5 36. Nc4 Bg7 37. Ndb6 Rd8 38. Re4 Nxg3+ 39. fxg3 f2 40. Kg2 Qc6 41. Qe2 Rd4 42. Nd2 Qxb6 43. Rxd4 Qxd4 44. Qc4 f1=Q+ 45. Kxf1 Qd7 46. Qxa6 Qxh3+ 47. Ke2 Qg4+ 48. Nf3 h6 49. Qa8+ Kh7 50. Ke3 Qe6 51. Qe4+ Kh8 52. a3 Qa2 53. Qd3 Qg2 54. b5 e4 55. Qxe4 Qxg3 56. Qe8+ Kh7 57. b6 Qd6 58. Qe4+ Kg8 59. b7 Qxa3+ 60. Kf2 Qb2+ 61. Kg3 Bf8 62. Qe6+ Kg7 63. Qd7+ Kg8 64. Qc8 Qg7+ 65. Kh3 Qf7 66. b8=Q 1-0

[Event "WYCC U14 Girls 2019"]
[Site "Mumbai"]
[Date "2019.10.05"]
[Round "5.4"]
[White "Kamalidenova, Meruert"]
[Black "Mungunzul, Bat-Erdene"]
[Result "1/2-1/2"]
[ECO "C78"]
[WhiteElo "2025"]
[BlackElo "1912"]
[Annotator "NA"]
[PlyCount "41"]
[EventDate "2019.10.02"]
[EventType "swiss"]
[EventCountry "IND"]
[SourceTitle "playchess.com"]
[Source "ChessBase"]
[SourceQuality "1"]
[TimeControl "40/5400+30:1800+30"]

1. e4 e5 2. Nf3 Nc6 3. Bb5 a6 4. Ba4 Nf6 5. O-O b5 6. Bb3 Bc5 7. a4 Bb7 8. d3 h6 9. c3 d6 10. Nbd2 O-O 11. Re1 {C78: Ruy Lopez: Archangelsk and Möller Defences} b4 (11... Ne7 12. Nh4 Rb8 13. axb5 axb5 14. Nf1 Bc8 15. h3 Be6 16. Bxe6 fxe6 {½-½ (46) So,W (2754)-Anand,V (2767) Stavanger 2019}) 12. Nf1 Re8 13. Be3 $146 ({Predecessor:} 13. a5 bxc3 14. bxc3 {1-0 (54) Boreux,P (2186)-Matijosius,V (1690) ICCF email 2016}) 13... Na5 14. Ba2 Bxe3 15. Nxe3 c5 16. Bd5 Nxd5 17. exd5 Rf8 18. c4 f5 19. Nd2 $15 Qg5 20. Nf3 h5 21. Qd2 1/2-1/2

[Event "WYCC U14 Girls 2019"]
[Site "Mumbai"]
[Date "2019.10.05"]
[Round "5.5"]
[White "Cai, Boheng"]
[Black "Omonova, Umida"]
[Result "1-0"]
[ECO "D23"]
[WhiteElo "1853"]
[BlackElo "2078"]
[Annotator "NA"]
[PlyCount "85"]
[EventDate "2019.10.02"]
[EventType "swiss"]
[EventCountry "IND"]
[SourceTitle "playchess.com"]
[Source "ChessBase"]
[SourceQuality "1"]
[TimeControl "40/5400+30:1800+30"]

1. d4 d5 2. c4 dxc4 3. Nf3 Nf6 4. Qa4+ Nc6 5. Nc3 Nd5 6. Qxc4 Nb6 {D23: Queen's Gambit Accepted: 3 Nf3 Nf6 sidelines} 7. Qd3 (7. Qb5 a6 8. Qd3 e5 9. Nxe5 Qxd4 10. Nxc6 Qxd3 11. exd3 bxc6 12. Bf4 Bd6 13. Bg3 Bf5 14. Be2 {½-½ (25) Ivanchuk,V (2786)-Dominguez Perez,L (2719) Almaty 2008}) 7... e6 8. e4 $146 ({Predecessor:} 8. Bf4 Bd6 9. Bxd6 cxd6 10. e3 O-O 11. Be2 d5 12. O-O Bd7 13. Ne5 f6 14. Nxd7 Qxd7 {½-½ (66) Bartu,J-Vojta,T (2195) Czechia 1997}) 8... Be7 9. Be2 O-O 10. O-O Bd6 11. Rd1 Re8 12. Be3 Ne7 13. e5 Bb4 14. a3 Bxc3 15. bxc3 Nbd5 16. c4 Nxe3 17. fxe3 Ng6 18. Qe4 c6 19. h4 h6 20. Bd3 Qe7 21. Qg4 Nf8 22. Nd2 f5 23. exf6 Qxf6 24. Rf1 Qe7 25. Qe4 g6 26. Nf3 $18 e5 27. Qxe5 Qf7 28. Qf4 Qxf4 29. exf4 Bf5 30. Bxf5 gxf5 31. Ne5 Red8 32. Rab1 Rxd4 33. Rxb7 Ne6 34. Rf3 Nxf4 35. Rg3+ Kh8 36. Rf3 Kg8 37. Rg3+ Kh8 38. Nf7+ Kh7 39. Ne5+ Kh8 40. Rgg7 Re8 41. Rh7+ Kg8 42. Rbg7+ Kf8 43. Nd7+ 1-0

[Event "WYCC U14 Girls 2019"]
[Site "Mumbai"]
[Date "2019.10.05"]
[Round "5.6"]
[White "Bhagyashree, Patil"]
[Black "Obada, Ema"]
[Result "1/2-1/2"]
[ECO "B44"]
[WhiteElo "1802"]
[BlackElo "1987"]
[Annotator "NA RC"]
[PlyCount "91"]
[EventDate "2019.10.02"]
[EventType "swiss"]
[EventCountry "IND"]
[SourceTitle "playchess.com"]
[Source "ChessBase"]
[SourceQuality "1"]
[TimeControl "40/5400+30:1800+30"]

1. e4 c5 2. Nf3 e6 3. d4 cxd4 4. Nxd4 Nc6 5. Nxc6 bxc6 6. c4 Nf6 7. Nc3 e5 {[%emt 0:08:38] B44: Sicilian: Taimanov: 5 Nb5} 8. Be2 (8. Be3 Bb4 9. Bd3 d6 10. O-O O-O 11. Qc2 Ng4 12. Bd2 Bc5 13. h3 Nf6 14. Rab1 a5 15. a3 {0-1 (34) Ding,L (2749)-Karjakin,S (2753) Heixiazi 2015}) 8... Be7 9. O-O O-O 10. Rb1 $146 ({Predecessor:} 10. Be3 d6 11. Qa4 Qc7 12. Rac1 Ng4 13. Bd2 Rb8 14. b4 Nf6 15. a3 {0-1 (65) Sedov,A (2186)-Onoprijchuk,B (2356) Belgorod 2008}) 10... a5 11. Be3 d6 12. a3 Be6 13. b4 axb4 14. axb4 d5 15. exd5 cxd5 16. cxd5 Nxd5 17. Nxd5 Bxd5 18. Qc2 Qb8 19. Bd3 h6 20. Be4 Ra2 21. Qd3 $1 Be6 22. Bc5 Rd8 $14 23. Qg3 Bg5 24. Rfd1 Rad2 25. Rxd2 Rxd2 26. Qf3 Qb5 27. Qg3 Qb8 28. Qf3 Qb5 29. Qc3 Qe2 30. Bf3 Rc2 31. Qa1 Qd3 32. Re1 Ra2 33. Rb1 Rc2 34. Re1 Qc3 35. Be4 Qxa1 36. Rxa1 Rd2 37. b5 f5 38. b6 Bd8 39. b7 Bc7 40. Bb6 Bd6 41. Bc5 Bc7 42. Bb6 Bd6 43. Bc5 Bc7 44. Bb6 Bd6 45. Bc5 Bc7 46. Bb6 1/2-1/2

[Event "WYCC U14 Girls 2019"]
[Site "Mumbai"]
[Date "2019.10.05"]
[Round "5.6"]
[White "Bhagyashree Patil"]
[Black "Obada, Ema"]
[Result "*"]
[ECO "B44"]
[WhiteElo "1802"]
[BlackElo "1987"]
[Annotator "NA"]
[PlyCount "79"]
[EventDate "2019.10.02"]
[EventType "swiss"]
[EventCountry "IND"]
[SourceTitle "playchess.com"]
[Source "ChessBase"]
[SourceQuality "1"]
[TimeControl "40/5400+30:1800+30"]

1. e4 c5 2. Nf3 e6 3. d4 cxd4 4. Nxd4 Nc6 5. Nxc6 bxc6 6. c4 Nf6 7. Nc3 e5 {[%emt 0:08:38] B44: Sicilian: Taimanov: 5 Nb5} 8. Be2 (8. Be3 Bb4 9. Bd3 d6 10. O-O O-O 11. Qc2 Ng4 12. Bd2 Bc5 13. h3 Nf6 14. Rab1 a5 15. a3 {0-1 (34) Ding,L (2749)-Karjakin,S (2753) Heixiazi 2015}) 8... Be7 9. O-O O-O 10. Rb1 $146 ({Predecessor:} 10. Be3 d6 11. Qa4 Qc7 12. Rac1 Ng4 13. Bd2 Rb8 14. b4 Nf6 15. a3 {0-1 (65) Sedov,A (2186)-Onoprijchuk,B (2356) Belgorod 2008}) 10... a5 11. Be3 d6 12. a3 Be6 13. b4 axb4 14. axb4 d5 15. exd5 cxd5 16. cxd5 Nxd5 17. Nxd5 Bxd5 18. Qc2 Qb8 19. Bd3 h6 20. Be4 Ra2 21. Qd3 $1 Be6 22. Bc5 Rd8 $14 23. Qg3 Bg5 24. Rfd1 Rad2 25. Rxd2 Rxd2 26. Qf3 Qb5 27. Qg3 Qb8 28. Qf3 Qb5 29. Qc3 Qe2 30. Bf3 Rc2 31. Qa1 Qd3 32. Re1 Ra2 33. Rb1 Rc2 34. Re1 Qc3 35. Be4 Qxa1 36. Rxa1 Rd2 37. b5 f5 38. b6 Bd8 39. b7 Bc7 40. Bb6 *

[Event "WYCC U14 Girls 2019"]
[Site "Mumbai"]
[Date "2019.10.05"]
[Round "5.7"]
[White "Ince, Safiye Oyku"]
[Black "Wikar, Martyna"]
[Result "1/2-1/2"]
[ECO "B50"]
[WhiteElo "1840"]
[BlackElo "1969"]
[Annotator "NA"]
[PlyCount "79"]
[EventDate "2019.10.02"]
[EventType "swiss"]
[EventCountry "IND"]
[SourceTitle "playchess.com"]
[Source "ChessBase"]
[SourceQuality "1"]
[TimeControl "40/5400+30:1800+30"]

1. e4 c5 2. Nf3 d6 3. c3 Nf6 4. h3 Nc6 5. Bd3 d5 6. e5 Nd7 7. Qe2 Qc7 {B50: Sicilian: 2...d6, Miscellaneous} (7... e6 8. O-O Qc7 9. Bb5 a6 10. Bxc6 Qxc6 11. d4 Be7 12. Bg5 Bxg5 13. Nxg5 h6 14. Nf3 b6 15. Nbd2 {½-½ (29) Safarli,E (2676)-Kryakvin,D (2595) Hoogeveen 2018}) 8. e6 fxe6 9. Ng5 $1 Nf6 10. O-O $146 ({Predecessor:} 10. Nxe6 Qd6 11. Nxf8 Rxf8 12. O-O Kf7 13. b4 cxb4 14. cxb4 Qe5 15. Qxe5 Nxe5 {0-1 (34) Drozdowski,K (2481)-Chandra,A (2509) Dallas 2015}) 10... Qe5 11. Qxe5 Nxe5 12. Bb5+ Bd7 13. Na3 Nc6 14. Re1 Nd8 15. d4 cxd4 16. cxd4 a6 17. Bd3 g6 18. Bf4 Bg7 19. Rac1 O-O 20. Rc7 Rc8 (20... Bc8 $17 21. Nc2 Nc6) 21. Rxc8 (21. Rec1 $1 $11 Nc6 22. Rxb7) 21... Bxc8 22. Bc7 Nc6 23. Nc2 Ne8 24. Bb6 e5 25. dxe5 Nxe5 26. Be2 $17 h6 27. Nf3 Nc6 28. b4 Bf5 29. Ne3 Be4 30. Bc5 Bc3 31. Rd1 Bxb4 32. Bxb4 Nxb4 33. a3 Nc6 34. Nxd5 Bxd5 35. Rxd5 Nf6 36. Rc5 Ne4 37. Rc1 Rf6 38. Bd3 Ng5 39. Nxg5 hxg5 40. Rc5 1/2-1/2

[Event "WYCC U14 Girls 2019"]
[Site "Mumbai"]
[Date "2019.10.05"]
[Round "5.8"]
[White "Ghomi, Parnian"]
[Black "Velpula, Sarayu"]
[Result "0-1"]
[ECO "B23"]
[WhiteElo "1948"]
[BlackElo "1717"]
[Annotator "NA RC"]
[PlyCount "64"]
[EventDate "2019.10.02"]
[EventType "swiss"]
[EventCountry "IND"]
[SourceTitle "playchess.com"]
[Source "ChessBase"]
[SourceQuality "1"]
[TimeControl "40/5400+30:1800+30"]

1. e4 c5 2. Nc3 g6 3. d4 cxd4 4. Qxd4 Nf6 5. Bb5 a6 6. e5 {[%emt 0:02:09] B23: Closed Sicilian: Lines without g3} (6. Qa4 b6 7. e5 Bb7 8. Bf1 Nd5 9. Nxd5 Bxd5 10. Be3 Nc6 11. O-O-O b5 12. Qf4 Bxa2 13. b3 Qa5 14. e6 dxe6 {0-1 (14) Arribas Lopez,A (2515)-Leon Hoyos,M (2475) Kenner 2016}) 6... axb5 7. exf6 Nc6 8. Qe4 e6 9. Nxb5 Qa5+ 10. Nc3 d5 11. Qd3 d4 {[%emt 0:01:48] Pin} 12. Bd2 dxc3 13. Bxc3 Bb4 $146 14. Ne2 Bxc3+ 15. Nxc3 Qe5+ 16. Ne4 Nb4 ({Don't do} 16... Qxb2 17. O-O $19) 17. Qe2 Nd5 ({Weaker is} 17... Rxa2 18. Rxa2 Nxa2 19. c3 $17) 18. Rd1 O-O 19. O-O Nxf6 20. Nxf6+ Qxf6 21. c3 Rxa2 22. Qb5 Qf5 23. Qb6 Ra6 24. Qc7 Rc6 25. Qe7 Qc5 26. Qh4 Rd6 27. Qe7 Rd5 28. Qf6 b5 29. h4 $19 Bb7 30. b4 Qc6 31. f3 Qb6+ 32. Kh1 Qd8 0-1

[Event "WYCC U14 Girls 2019"]
[Site "Mumbai"]
[Date "2019.10.05"]
[Round "5.9"]
[White "Lhotska, Anna"]
[Black "Mirlankyzy, Azaliia"]
[Result "1-0"]
[ECO "C46"]
[WhiteElo "1897"]
[BlackElo "1473"]
[Annotator "NA"]
[PlyCount "69"]
[EventDate "2019.10.02"]
[EventType "swiss"]
[EventCountry "IND"]
[SourceTitle "playchess.com"]
[Source "ChessBase"]
[SourceQuality "1"]
[TimeControl "40/5400+30:1800+30"]

1. e4 e5 2. Nf3 Nc6 3. Nc3 Bc5 4. Bb5 d6 5. d4 exd4 6. Nxd4 Bd7 {[%emt 0:04:03] C64: Ruy Lopez: Classical Defence (3...Bc5) except 4 0-0 Nf6} 7. Be3 (7. Nxc6 bxc6 8. Bd3 Ne7 9. Qh5 Ng6 10. O-O Qh4 11. Qxh4 Nxh4 12. Re1 f6 13. Na4 Bd4 14. c3 {0-1 (45) Lamorelle,J (2379)-Delorme,A (2497) Lyon 2015}) 7... Bxd4 8. Bxd4 Nxd4 9. Qxd4 Nf6 10. O-O-O $146 ({Predecessor:} 10. Bc4 O-O 11. O-O-O Re8 12. f3 Qe7 13. Bb3 Bc6 14. Kb1 {½-½ (44) Caceres Cortes,J (2102)-Mathieu,J (1752) Montreal 2002}) 10... a6 11. Bxd7+ Qxd7 12. e5 Ng4 {[%emt 0:36:34] [#]} 13. e6 $1 Qxe6 14. Rhe1 Ne5 15. f4 f6 16. fxe5 dxe5 17. Qa4+ c6 18. Qb4 Qe7 19. Qc4 $18 Rd8 20. Ne4 h5 21. Nc5 b5 22. Rxd8+ Kxd8 23. Ne6+ Ke8 24. Qxc6+ Kf7 25. Rd1 Kg6 26. Rd7 Qb4 27. c3 Qc4 28. Rxg7+ Kf5 29. Qxc4 bxc4 30. Nc5 Rd8 31. b3 Kf4 32. Ne6+ Ke3 33. Nxd8 e4 34. Ne6 Kf2 35. Nd4 1-0